 Dungeon Crawl Stone Soup version 0.22.1-2-g9c5b331 (webtiles) character file.

31 Goblin1989 the Changer (level 3, 0/26 HPs)
             Began as a Demonspawn Transmuter on Dec 3, 2018.
             Slain by a bullfrog zombie (4 damage)
             ... on level 2 of the Dungeon.
             The game lasted 00:02:39 (1102 turns).

Goblin1989 the Changer (Demonspawn Transmuter)      Turns: 1102, Time: 00:02:39

Health: 0/26       AC:  3    Str: 11    XL:     3   Next: 7%
Magic:  6/6        EV: 12    Int: 14    God:
Gold:   39         SH:  0    Dex: 13    Spells: 3/6 levels left

rFire    . . .     SeeInvis .     - Unarmed
rCold    . . .     Gourm    .   (no shield)
rNeg     . . .     Faith    .   b - +0 robe
rPois    .         Spirit   .   p - +0 helmet
rElec    .         Reflect  .   (no cloak)
rCorr    .         Harm     .   (no gloves)
MR       .....                  (no boots)
Stlth    +.........             (no amulet)
HPRegen  0.08/turn              (no ring)
MPRegen  0.10/turn              (no ring)

@: no status effects
A: claws 2
a: no special abilities


You were on level 2 of the Dungeon.
You were not hungry.

You visited 1 branch of the dungeon, and saw 2 of its levels.

You collected 39 gold pieces.

Inventory:

Hand Weapons
 k - a +0 whip of freezing
Missiles
 a - 31 arrows
 l - 67 stones (quivered) {@Q3}
 m - 23 sling bullets
Armour
 b - a +0 robe (worn)
 p - a +0 helmet (worn)
Scrolls
 g - a scroll of enchant weapon {unknown}
 j - 2 scrolls of fear {unknown}
Potions
 h - a potion of agility {unknown}
Comestibles
 e - 3 rations
 o - a chunk of flesh


   Skills:
 + Level 1.2 Fighting
 + Level 1.8 Dodging
 * Level 2.8 Unarmed Combat
 - Level 2.0 Spellcasting
 - Level 3.0 Transmutations


You had 3 spell levels left.
You knew the following spells:

 Your Spells              Type           Power        Failure   Level  Hunger
a - Beastly Appendage     Tmut           #.....       7%          1    ##.....
b - Sticks to Snakes      Tmut           #.......     11%         2    ###....

Your spell library contained the following spells:

 Spells                   Type           Power        Failure   Level  Hunger
 Spider Form              Tmut/Pois      #.........   36%         3    ####...
 Ice Form                 Ice/Tmut       #.......     77%         4    #####..
 Blade Hands              Tmut           #.........   88%         5    ######.


Dungeon Overview and Level Annotations

Branches:
Dungeon (2/15)

Altars:


Innate Abilities, Weirdness & Mutations

You have very sharp fingernails.


Message History

No target in view!
No target in view!
No target in view!
No target in view!
No target in view!
No target in view!
No target in view!
No target in view!
No target in view!
No target in view!
No target in view!
No target in view!
HP restored.
You butcher the rat corpse.
o - a chunk of flesh Health restored: 26
There is a stone staircase leading up here.
Found a stone staircase leading down.
A frilled lizard comes into view.
The helpless frilled lizard fails to defend itself.
You scratch the frilled lizard.
You kill the frilled lizard!
No target in view!
No target in view!
No target in view!
No target in view!
No target in view!
No target in view!
No target in view!
No target in view!
No target in view!
No target in view!
No target in view!
No target in view!
No target in view!
No target in view!
No target in view!
No target in view!
p - a helmet Wear which item? (? for menu, Esc to quit)
You start putting on your armour.
You continue putting on your helmet. x4
You finish putting on your +0 helmet.
Drop what? 12/52 slots (_ for help) (? for menu, Esc to quit)
You drop a pair of gloves.
e - 2 rations (gained 1);
l - 67 stones {@Q3} (gained 25)
e - 3 rations (gained 1)
A bat comes into view.
A bat is nearby!
You see here 9 gold pieces.
The bat misses you. The bat barely misses you.
You scratch the bat.
The bat is severely wounded.
The bat hits you but does no damage.
A bullfrog zombie comes into view.
The bat misses you. The bat hits you. The bat barely misses you.
You take 1 damage, and have 25/26 hp.
The bat hits you but does no damage.
You claw the bullfrog zombie!
The bullfrog zombie is lightly damaged.
The bat hits you but does no damage. The bullfrog zombie closely misses you.
The bat hits you.
You take 1 damage, and have 24/26 hp.
You barely miss the bat.
The bat is moderately wounded.
The bullfrog zombie closely misses you. The bat closely misses you.
The bullfrog zombie hits you.
You take 2 damage, and have 22/26 hp.
You barely miss the bat.
The bat is moderately wounded.
The bat barely misses you. The bullfrog zombie hits you.
You take 5 damage, and have 17/26 hp.
You scratch the bat.
You kill the bat!
The bullfrog zombie barely misses you.
You scratch the bullfrog zombie.
The bullfrog zombie is moderately damaged.
The bullfrog zombie hits you.
You take 3 damage, and have 15/26 hp.
You are too injured to fight recklessly!
You are too injured to fight recklessly!
You are too injured to fight recklessly!
You are too injured to fight recklessly!
You are too injured to fight recklessly!
You are too injured to fight recklessly!
You are too injured to fight recklessly!
You are too injured to fight recklessly!
You are too injured to fight recklessly!
You are too injured to fight recklessly!
A bullfrog zombie is nearby!
A bullfrog zombie is nearby!
You barely miss the bullfrog zombie.
The bullfrog zombie is moderately damaged.
The bullfrog zombie hits you.
* * * LOW HITPOINT WARNING * * *
The bullfrog zombie hits you!
* * * LOW HITPOINT WARNING * * *
You take 11 damage, and have 4/26 hp.
MASSIVE DAMAGE!!
The bullfrog zombie hits you.
You die...

.█ .█ █████████████.█ .█
█...........(.█
.████.......█
............█ █
<....[......█ █████████.█
............█ █..........
.███........████.^........
.███>....█....$.@Z........
...█████.........†........
.█..................$.....
..>.████████████........██
..█.....[█ █........█
█...████..█ █........█
.██..█ ████.█.███ .███..█
.█$█ .█ █.█


You could see a bullfrog zombie.

Vanquished Creatures
  A worm (D:2)
  2 dart slugs (D:1)
  2 leopard geckos (D:1)
  A giant cockroach (D:1)
  A goblin (D:1)
  2 hobgoblins (D:1)
  7 bats
  2 frilled lizards
  2 kobolds (D:1)
  4 rats
24 creatures vanquished.

Notes
Turn   | Place    | Note
-------+----------+-------------------------------------------
     0 | D:1      | Goblin1989 the Demonspawn Transmuter began the quest for
                  | the Orb.
     0 | D:1      | Reached XP level 1. HP: 15/15 MP: 3/3
    27 | D:1      | Reached skill level 2 in Transmutations
   278 | D:1      | Gained mutation: You have sharp fingernails. [demonic
                  | ancestry]
   278 | D:1      | Reached XP level 2. HP: 20/21 MP: 3/5
   630 | D:1      | Reached skill level 3 in Transmutations
   740 | D:1      | Learned a level 2 spell: Sticks to Snakes
   870 | D:2      | Gained mutation: You have very sharp fingernails. [demonic
                  | ancestry]
   870 | D:2      | Reached XP level 3. HP: 13/26 MP: 6/6
  1102 | D:2      | Slain by a bullfrog zombie

Skill      XL: |  1  2 |
---------------+-------+-----
Transmutations | 2 3 |  3.0
Fighting       | |  1.2
Dodging        | |  1.8
Unarmed Combat | |  2.8
Spellcasting   | |  2.0

Action                   || total
-------------------------++-------
Melee: Unarmed           ||    75
       Headbutt          ||     2
       Kick              ||     4
       Punch             ||     1
 Cast: Beastly Appendage ||    10
 Stab: Sleeping          ||     1
  Eat: Chunk             ||     1
Armor: Robe              ||    21
Dodge: Dodged            ||    54

Vault maps used:
D:1:      dpeg_arrival_fog, hangedman_decor_diamond_cutter
D:2:      wad_orctagon
